 Dungeon Crawl Stone Soup version 0.21.1-1-g345015f (webtiles) character file.

227 Collin1234 the Conjurer (level 5, 0/39 HPs)
             Began as a Demigod Conjurer on May 15, 2018.
             Succumbed to a kobold's poison
             ... on level 3 of the Dungeon.
             The game lasted 00:08:43 (2752 turns).

Collin1234 the Conjurer (Demigod Conjurer)          Turns: 2752, Time: 00:08:43

Health: 0/39       AC: 10    Str: 11    XL:     5   Next: 42%
Magic:  8/12       EV:  2    Int: 19    God:
Gold:   94         SH:  0    Dex: 18    Spells: 3/9 levels left

rFire    . . .     SeeInvis .   d - +4 dagger (drain)
rCold    . . .     Gourm    .   (no shield)
rNeg     . . .     Faith    .   s - +0 plate armour
rPois    .         Spirit   .   (no helmet)
rElec    .         Reflect  .   (no cloak)
rCorr    .         Harm     .   (no gloves)
MR       .....                  (no boots)
Stlth    ..........             (no amulet)
HPRegen  0.13/turn              (no ring)
MPRegen  0.13/turn              (no ring)

@: lethally poisoned (0 -> -57), very slightly contaminated
A: high mp 1
a: no special abilities


You were on level 3 of the Dungeon.
You were not hungry.

You visited 1 branch of the dungeon, and saw 3 of its levels.

You collected 94 gold pieces.

Inventory:

Hand Weapons
 d - a +4 dagger of draining (weapon)
 o - a +0 hand axe
Missiles
 g - 92 stones
 h - 4 javelins (quivered)
Armour
 a - a +0 robe
 f - a +1 scale mail
 k - a +0 large shield
 s - a +0 plate armour (worn)
Scrolls
 i - a scroll of magic mapping
 p - a scroll of amnesia
Potions
 e - a potion of resistance
 j - 3 potions of heal wounds
 l - a potion of agility
 m - a potion of curing {unknown}
 n - a potion of mutation {unknown}
 q - a potion of experience {unknown}
 r - a potion of invisibility {unknown}
Books
 b - a book of Conjurations

   Spells                             Type                      Level
   a - Magic Dart                     Conjuration                  1
   b - Searing Ray                    Conjuration                  2
   c - Dazzling Spray                 Conjuration/Hexes            3
   d - Fulminant Prism                Conjuration/Hexes            4
   e - Force Lance                    Conjuration/Translocation    4
   f - Iskenderun's Mystic Blast      Conjuration                  4
Comestibles
 c - 2 rations


   Skills:
 + Level 0.8 Fighting
 + Level 1.0 Short Blades
 + Level 0.1 Throwing
 + Level 1.3 Armour
 + Level 1.9 Dodging
 + Level 1.7 Stealth
 + Level 1.0 Shields
 + Level 2.7 Spellcasting
 + Level 5.1 Conjurations


You had 3 spell levels left.
You knew the following spells:

 Your Spells              Type           Power        Failure   Level  Hunger
a - Magic Dart            Conj           ###.         99%         1    None
b - Searing Ray           Conj           ###...       100%        2    ##.....
c - Dazzling Spray        Conj/Hex       ##....       100%        3    ###....


Dungeon Overview and Level Annotations

Branches:
Dungeon (3/15)


Innate Abilities, Weirdness & Mutations

You have an increased reservoir of magic. (+10% MP)


Message History

You are more poisoned.
You see here a poisoned needle.
You feel very sick.
The kobold shoots a poisoned needle.
The poisoned needle hits you!
You are more poisoned.
You see here a poisoned needle.
You feel very sick.
The kobold shoots a poisoned needle.
The poisoned needle hits you!
You are more poisoned.
* * * LOW HITPOINT WARNING * * *
You feel very sick.
The kobold unwields an uncursed blowgun.
The kobold wields an uncursed whip.
The kobold hits you but does no damage.
You barely miss the kobold.
* * * LOW HITPOINT WARNING * * *
You feel very sick. The kobold completely misses you.
You hit the kobold.
You kill the kobold!
You die...

##..##. #.##....
.....#.## #.##.... #
#...... ####.##.... ..
...#.# #.†.....##.
..##.#.## #.##.......
#.......###.#####.###
..##.##...(.(.....##.#
..........(###.##.##.#
#.....)@.((# #.......#
#.##.##.##.# ####.####
.... #.##.# #.......#
#.# .....# #.##.##.#
#.# .....## # #.##.#
#.# #..... #..#.# #.#
#..... # ##.#.# #.#
#.....# #.###.#.# #.#
#...(...#


There were no monsters in sight!

Vanquished Creatures
  Sigmund (D:2)
  An adder (D:2)
  An ooze (D:1)
  A worm (D:2)
  A dart slug (D:1)
  A leopard gecko (D:2)
  An orc (D:2)
  A bat (D:2)
  2 giant cockroaches (D:3)
  6 goblins
  4 hobgoblins
  2 jackals (D:1)
  5 kobolds
  9 frilled lizards
  4 rats
40 creatures vanquished.

Notes
Turn   | Place    | Note
-------+----------+-------------------------------------------
     0 | D:1      | Collin1234 the Demigod Conjurer began the quest for the Orb.
     0 | D:1      | Reached XP level 1. HP: 14/14 MP: 5/5
   397 | D:1      | Reached skill level 4 in Conjurations
   397 | D:1      | Reached XP level 2. HP: 19/20 MP: 5/7
  1489 | D:2      | Reached XP level 3. HP: 26/26 MP: 4/8
  1609 | D:2      | Noticed Sigmund
  2048 | D:2      | Killed Sigmund
  2048 | D:2      | Reached skill level 1 in Armour
  2048 | D:2      | Reached skill level 1 in Shields
  2048 | D:2      | Reached skill level 5 in Conjurations
  2048 | D:2      | Reached XP level 4. HP: 9/34 MP: 8/10
  2048 | D:2      | Reached XP level 5. HP: 11/39 MP: 8/11
  2269 | D:2      | Learned a level 2 spell: Searing Ray
  2273 | D:2      | Learned a level 3 spell: Dazzling Spray
  2373 | D:2      | Reached skill level 1 in Short Blades
  2752 | D:3      | Succumbed to a kobold's poison

Skill      XL: |  1  2  3  4  5 |
---------------+----------------+-----
Conjurations   | 4 5 |  5.1
Armour         | 1 |  1.3
Shields        | 1 |  1.0
Spellcasting   | 2 |  2.7
Short Blades   | 1 |  1.0
Fighting       | |  0.8
Throwing       | |  0.1
Dodging        | |  1.9
Stealth        | |  1.7

Action                   |  1- 3 |  4- 6 || total
-------------------------+-------+-------++-------
Melee: Dagger            |    33 |    25 ||    58
Throw: Javelin           |     2 |     1 ||     3
 Cast: Magic Dart        |    30 |       ||    30
  Use: Scroll            |     8 |     3 ||    11
  Eat: Ration            |     1 |     1 ||     2
Armor: Scale mail        |    14 |       ||    14
       Plate armour      |     5 |    33 ||    38
Dodge: Dodged            |    15 |     7 ||    22
Block: Large shield      |     4 |       ||     4
